 Dungeon Crawl Stone Soup version 0.19-a0-1513-gf6d23ed (webtiles) character file.

707 Espgualade the Sneak (level 7, -3/50 HPs)
             Began as an Octopode Ice Elementalist on Sept 12, 2016.
             Slain by an ice beast (13 damage)
             ... on level 5 of the Dungeon.
             The game lasted 00:14:47 (6410 turns).

Espgualade the Sneak (Octopode Ice Elementalist)    Turns: 6410, Time: 00:14:48

Health: -3/50      AC:  1    Str: 13      XL:     7   Next: 67%
Magic:  10/10      EV: 15    Int: 19      God:
Gold:   316        SH:  0    Dex: 11 (12) Spells: 4 memorised, 0 levels left

rFire  . . .     SeeInvis .     p - +0 spear (pierce)
rCold  . . .     Gourm    .     (no shield)
rNeg   . . .     Faith    .     (helmet restricted)
rPois  .         Spirit   .     (no amulet)
rElec  .         Dismiss  .     (no ring)
rCorr  .         Reflect  .     (no ring)
MR     .....     Harm     .     (no ring)
Stlth  ++++......               (no ring)
                                (no ring)
                                (no ring)
                                (no ring)
                                (no ring)

@: mighty
A: almost no armour, stealthy swim, amphibious, 8 rings, constrict 8, camouflage
1, gelatinous body 1
a: no special abilities


You were on level 5 of the Dungeon.
You were not hungry.

You visited 1 branch of the dungeon, and saw 6 of its levels.

You collected 316 gold pieces.

Inventory:

Hand Weapons
 d - a +0 falchion
 p - a +0 spear of piercing (weapon)
Wands
 t - a wand of random effects (18/48)
 w - a wand of iceblast (9/15)
Scrolls
 c - 4 scrolls of remove curse
 f - a scroll of amnesia
 g - 3 scrolls of identify
 h - 3 scrolls of immolation
 i - a scroll of enchant weapon
 j - a scroll of enchant armour
 l - 4 scrolls of recharging
 m - a scroll of random uselessness
 o - a scroll of teleportation {unknown}
 u - a scroll of magic mapping {unknown}
Potions
 k - a potion of haste {unknown}
 n - a potion of degeneration {unknown}
 r - a potion of cure mutation {unknown}
Books
 a - a book of Frost

   Spells                             Type                      Level
   a - Freeze                         Ice                          1
   b - Throw Frost                    Conjuration/Ice              2
   c - Ozocubu's Armour               Charms/Ice                   3
   d - Throw Icicle                   Conjuration/Ice              4
   e - Summon Ice Beast               Ice/Summoning                4
 e - a book of Ice

   Spells                             Type                      Level
   a - Ice Form                       Ice/Transmutation            4
   b - Metabolic Englaciation         Hexes/Ice                    5
   c - Ozocubu's Refrigeration        Ice                          6
   d - Bolt of Cold                   Conjuration/Ice              6
   e - Freezing Cloud                 Conjuration/Ice/Air          6
   f - Simulacrum                     Ice/Necromancy               6
Comestibles
 b - a bread ration
 q - a royal jelly
 s - a meat ration
 v - a slice of pizza


   Skills:
 - Level 5.1 Fighting
 - Level 5.3 Dodging
 - Level 5.5 Stealth
 + Level 2.2 Spellcasting
 - Level 1.0 Conjurations
 - Level 3.0 Ice Magic


You couldn't memorise any spells.
You knew the following spells:

 Your Spells              Type           Power        Failure   Level  Hunger
a - Freeze                Ice            ##..         6%          1    #......
b - Throw Frost           Conj/Ice       #.....       12%         2    ##.....
c - Ozocubu's Armour      Chrm/Ice       #.......     28%         3    ###....
d - Throw Icicle          Conj/Ice       #.......     75%         4    #####..


Dungeon Overview and Level Annotations

Branches:
Dungeon (6/15)
 Temple: D:4-7

Altars:
Ashenzari
Hepliaklqana
Sif Muna
Trog

Annotations:
D:4 moogleknight's ghost, novice FoAK
D:6 Eustachio


Innate Abilities, Weirdness & Mutations

You cannot wear most types of armour.
You are very stealthy in the water.
You are amphibious.
You can wear up to eight rings at the same time.
You can use your tentacles to constrict eight enemies at once.
Your skin changes colour to match your surroundings (Stealth+).
Your rubbery body absorbs attacks. (AC +1, EV +1)


Message History

You start resting.
HP restored.
An ice beast comes into view.
The ice beast moves out of view.
The ice beast barely misses you.
You closely miss the ice beast. The ice beast hits you.
The ice beast freezes you.
You hit the ice beast.
The ice beast is lightly wounded.
The ice beast hits you. The ice beast freezes you!
You hit the ice beast.
The ice beast is lightly wounded.
The ice beast hits you. The ice beast freezes you!
* * * LOW HITPOINT WARNING * * *
It was a potion of might.
You feel very mighty all of a sudden. The ice beast hits you.
* * * LOW HITPOINT WARNING * * *
The ice beast freezes you!
You die...

#.#........# #.... #.#.#.######
#.... #.#.#.# ########.... ##
#.#.#.# #......(.... .# #.#.#.#
#.######.... .###########'#.#.#
#.# #.#†. ...............#.# #.#
#.#..
...............#.#####.######.#..
......>........Y@................
#..............###########.######
#..............#####...###..###
+.....#####......##.....##....#
#(....# ####.#.#.......#....##
####+## #.....#.......#.....# #.#
##.####.......##....# #.# #.#
##.....###....# #.# #.# ##...##
###..#


You could see an ice beast.

Vanquished Creatures
  A sky beast (D:5)
  A giant frog (D:5)
  A quasit (D:5)
  2 orc priests (D:5)
  2 orc wizards
  A jelly (D:5)
  2 giant frog skeletons
  6 worker ants
  Robin (D:4)
  A gnoll (D:1)
  6 adders
  2 oozes
  A worm (D:2)
  5 dart slugs
  4 orcs
  8 bats
  12 goblins
  9 hobgoblins
  6 jackals
  3 quokkas
  2 ball pythons (D:2)
  A giant cockroach zombie (D:5)
  A giant gecko skeleton (D:4)
  6 giant newts
  9 kobolds
  8 rats
101 creatures vanquished.

Notes
Turn   | Place    | Note
-------+----------+-------------------------------------------
     0 | D:1      | Espgualade the Octopode Ice Elementalist began the quest for the Orb.
     0 | D:1      | Reached XP level 1. HP: 11/11 MP: 3/3
    56 | D:1      | Reached skill level 1 in Fighting
    56 | D:1      | Reached XP level 2. HP: 2/19 MP: 0/5
   523 | D:1      | Reached XP level 3. HP: 18/25 MP: 6/6
  1083 | D:1      | Learned a level 2 spell: Throw Frost
  1087 | D:1      | Learned a level 3 spell: Ozocubu's Armour
  1118 | D:2      | Reached XP level 4. HP: 27/31 MP: 5/7
  1810 | D:2      | Noticed a moth of wrath
  1813 | D:2      | Found a bloodstained altar of Trog.
  1945 | D:2      | Reached XP level 5. HP: 31/38 MP: 8/8
  2004 | D:2      | Found a faded altar of an unknown god.
  2307 | D:3      | Found a deep blue altar of Sif Muna.
  2323 | D:3      | Found a shattered altar of Ashenzari.
  2856 | D:4      | Reached skill level 5 in Fighting
  3145 | D:4      | Noticed moogleknight's ghost (novice FoAK)
  3424 | D:4      | Noticed Robin
  3505 | D:4      | Killed Robin
  3823 | D:4      | Reached XP level 6. HP: 23/45 MP: 7/9
  4348 | D:4      | You fall through a shaft!
  4348 | D:5      | Entered Level 5 of the Dungeon
  4557 | D:5      | Found a hazy altar of Hepliaklqana.
  4619 | D:5      | Noticed a sky beast
  4709 | D:5      | Killed a sky beast
  4709 | D:5      | Reached skill level 5 in Stealth
  4797 | D:5      | Reached XP level 7. HP: 23/50 MP: 10/10
  5959 | D:5      | Reached skill level 5 in Dodging
  6200 | D:5      | Learned a level 4 spell: Throw Icicle
  6249 | D:6      | Noticed Eustachio
  6410 | D:5      | Slain by an ice beast

Vault maps used:
D:1:      onia_arrival_mini_spirals
D:2:      tgw_trog, ecumenical_altar_1, minmay_strange_pillars
D:3:      cheibrodos_ashenzari_chains, led_sif_pool, serial_curves,
          eino_curves_04, eino_curves_03
D:4:      first_bread, uniq_robin
D:5:      minmay_opposing_rooms, lemuel_round_altar
D:6:      serial_shops, kennysheep_mini_moat, minmay_hollow_rounded_squares,
          uniq_eustachio, uniq_prince_ribbit1, uniq_menkaure

Skill      XL: |  1  2  3  4  5  6  7 |
---------------+----------------------+-----
Fighting       | 1 2 3 4 5 |  5.1
Stealth        | 3 5 |  5.5
Dodging        | 3 5 |  5.3
Spellcasting   | |  2.2
Conjurations   | |  1.0
Ice Magic      | |  3.0

Action                   |  1- 3 |  4- 6 |  7- 9 || total
-------------------------+-------+-------+-------++-------
Melee: Constrict         |    16 |    31 |     9 ||    56
       Unarmed           |     1 |       |       ||     1
       Whip              |    68 |    73 |       ||   141
       Tentacles         |    14 |    26 |     6 ||    46
       Spear             |       |    85 |    44 ||   129
 Cast: Freeze            |     7 |    17 |    13 ||    37
       Throw Frost       |       |       |     4 ||     4
       Ozocubu's Armour  |       |       |     1 ||     1
  Use: Scroll            |       |    10 |     1 ||    11
       Potion            |       |     4 |     1 ||     5
 Stab: Sleeping          |     7 |     8 |     3 ||    18
       Distracted        |       |     2 |       ||     2
  Eat: Chunk             |     1 |     7 |     2 ||    10
       Bread ration      |       |     1 |     1 ||     2
Armor: Skin              |    10 |    15 |     8 ||    33
Dodge: Dodged            |    55 |   106 |    48 ||   209
